 Dungeon Crawl Stone Soup version 0.24-a0-459-g225fefd (webtiles) character file.

Game seed: 16496536248058091137

85 GandaPestile the Firebug (level 4, -2/24 HPs)
             Began as a Deep Elf Fire Elementalist on June 28, 2019.
             Slain by a bullfrog skeleton (4 damage)
             ... on level 4 of the Dungeon.
             The game lasted 00:15:43 (1744 turns).

GandaPestile the Firebug (DEFE)                     Turns: 1744, Time: 00:15:43

Health: -2/24      AC:  2    Str:  5    XL:     4   Next: 25%
Magic:  1/11       EV: 13    Int: 21    God:
Gold:   43         SH:  0    Dex: 15    Spells: 7/10 levels left

rFire    . . .     SeeInvis .   (no weapon)
rCold    . . .     Gourm    .   (no shield)
rNeg     . . .     Faith    .   a - +0 robe
rPois    .         Spirit   .   (no helmet)
rElec    .         Reflect  .   (no cloak)
rCorr    .         Harm     .   (no gloves)
MR       .....                  (no boots)
Stlth    ++........             (no amulet)
HPRegen  0.08/turn              (no ring)
MPRegen  0.12/turn              (no ring)

@: flying
A: no striking features
a: no special abilities


You were on level 4 of the Dungeon.
You were not hungry.

You visited 1 branch of the dungeon, and saw 4 of its levels.

You collected 43 gold pieces.

Inventory:

Armour
 a - a +0 robe (worn)
Scrolls
 f - a scroll of identify
Potions
 h - a potion of mutation {unknown}
Comestibles
 c - 4 rations


   Skills:
 + Level 3.2 Dodging
 - Level 2.4 Stealth
 + Level 3.8 Spellcasting
 * Level 2.9 Conjurations
 + Level 3.9 Fire Magic


You had 7 spell levels left.
You knew the following spells:

 Your Spells              Type           Power        Failure   Level  Hunger
a - Flame Tongue          Conj/Fire      ###..        3%          1    None
b - Throw Flame           Conj/Fire      ###...       4%          2    #......

Your spell library contained the following spells:

 Spells                   Type           Power        Failure   Level  Hunger
 Conjure Flame            Conj/Fire      ###.....     9%          3    ###....
 Inner Flame              Hex/Fire       ##......     17%         3    ###....
 Sticky Flame             Conj/Fire      ###.....     30%         4    ####...
 Fireball                 Conj/Fire      ###.......   63%         5    ######.


Dungeon Overview and Level Annotations

Branches:
Dungeon (3/15)

Altars:
Fedhas
Hepliaklqana
Trog
Uskayaw


Message History

The worker ant is severely wounded.
The bullfrog skeleton misses you. The worker ant barely misses you.
The worker ant bites you.
* * * LOW HITPOINT WARNING * * *
The bullfrog skeleton closely misses you.
The worker ant closely misses you.
The bullfrog skeleton barely misses you.
Okay, then.
It was a potion of flight.
You feel very buoyant.
You fly up into the air.
The bullfrog skeleton hits you but does no damage.
The worker ant bites you.
* * * LOW HITPOINT WARNING * * *
The bullfrog skeleton hits you but does no damage.
The bullfrog skeleton hits you.
* * * LOW HITPOINT WARNING * * *
The worker ant barely misses you. The bullfrog skeleton hits you.
You die...

##.......... ##........#
####........##
##..?.........#
#####.............##
#..................##..
#...#...................
#...##.#........aZ..#......
..# #.##.......@....##....
. ..##........###..# ...
...#......### .......
...........# ..... .
...##.......# ....##
#(....##.....# #..#
##.....#..##... ##.## ....
..#. ... #.....##


You could see a worker ant and a bullfrog skeleton.

Vanquished Creatures
  Terence (D:2)
  2 adders
  A worm (D:2)
  A dart slug (D:2)
  A leopard gecko (D:4)
  4 giant cockroaches
  6 goblins
  6 hobgoblins
  3 ball pythons
  4 bats (D:1)
  3 frilled lizards
  3 kobolds
  3 rats
38 creatures vanquished.

Notes
Turn   | Place    | Note
-------+----------+-------------------------------------------
     0 | D:1      | GandaPestile the Deep Elf Fire Elementalist began the quest
                  | for the Orb.
     0 | D:1      | Reached XP level 1. HP: 10/10 MP: 6/6
   131 | D:1      | Reached XP level 2. HP: 15/15 MP: 5/8
   748 | D:3      | Reached XP level 3. HP: 19/19 MP: 6/9
  1144 | D:2      | Learned a level 2 spell: Throw Flame
  1266 | D:2      | Noticed Terence
  1470 | D:2      | Killed Terence
  1470 | D:2      | Reached XP level 4. HP: 19/24 MP: 0/11
  1694 | D:2      | Found a hide-covered altar of Uskayaw.
  1694 | D:2      | Found a hazy altar of Hepliaklqana.
  1695 | D:2      | Found a blossoming altar of Fedhas.
  1695 | D:2      | Found a bloodstained altar of Trog.
  1695 | D:2      | You fall into a shaft and drop 2 floors!
  1717 | D:4      | HP: 1/24 [bullfrog skeleton (5)]
  1744 | D:4      | Slain by a bullfrog skeleton

Levels and vault maps discovered:
D:1:      scummos_arrival_checkerplants, layout_basic, minmay_misc_feat_x,
          supply_closet_lemuel
D:2:      layout_loops_ring, chequers_temple_overflow_statue_of_worship,
          uniq_terence
D:3:      kennysheep_big_flooded_room, layout_basic, lemuel_angel_altar
D:4:      layout_cave_pools, temple_statues, serial_shops, shop, shop,
          first_ration, ebering_ghost_inner_flame, cheibrodos_sewer_entry_bend

Skill      XL: |  1  2  3 |
---------------+----------+-----
Conjurations   | 2 |  2.9
Dodging        | 3 |  3.2
Stealth        | |  2.4
Spellcasting   | |  3.8
Fire Magic     | |  3.9

Action                   |  1- 3 |  4- 6 || total
-------------------------+-------+-------++-------
 Cast: Flame Tongue      |    51 |       ||    51
       Throw Flame       |    21 |    14 ||    35
  Use: Potion            |     3 |     3 ||     6
       Scroll            |     4 |       ||     4
  Eat: Ration            |     1 |       ||     1
Armor: Robe              |    15 |     3 ||    18
Dodge: Dodged            |    25 |    25 ||    50

Table legend:
 A = Non-vault XP
 B = Vault XP
 C = Vault XP percentage of total XP
 D = Non-vault monster count
 E = Vault monster count
 F = Vault count percentage of total count
                 A         B        C        D         E       F
            +---------+---------+-------+---------+---------+-------
      Total |      86 |      36 |  29.5 |      37 |       1 |   2.6
            +---------+---------+-------+---------+---------+-------
        D:1 |      29 |       0 |   0.0 |      19 |       0 |   0.0
        D:2 |      35 |      36 |  50.7 |      12 |       1 |   7.7
        D:3 |      19 |       0 |   0.0 |       5 |       0 |   0.0
        D:4 |       3 |       0 |   0.0 |       1 |       0 |   0.0
            +---------+---------+-------+---------+---------+-------
